AoeStats
← xiscosb

Oasis

508670804Analyzed
2v2 RM · 9d ago on Sep 23, 2026· 54m 44s· 4 players
Game mode
Random Map
Map size
Medium (4 player)
Population
200
Speed
Normal
Resources
Standard
Victory
Conquest
Starting age
Dark Age
Ending age
Imperial Age
RankedLock teamsTeams togetherTeam positionsShared explorationLock speedFull tech treeHidden civsTurbo modeCheats
Victory
Defeat
🇬🇧 Franks · United Kingdom
826
+15
🇪🇸 Gurjaras · Spain
803
+17
🇩🇪 Bulgarians · Germany
813
-16
🇩🇪 Chinese · Germany
807
-16
xiscosb
0:26 Loom
11:14 Feudal Age
12:39 Wheelbarrow
11:52 Double-Bit Axe
12:02 Gold Mining
11:55 Horse Collar
17:46 Castle Age
16:34 Stone Mining
17:24 Man-at-Arms
18:16 Forging
17:57 Fletching
18:53 Bow Saw
21:28 Heavy Plow
21:34 Long Swordsman
22:52 Arson
23:46 Scale Mail Armor
25:24 Crossbowman
26:05 Bodkin Arrow
27:43 Iron Casting
28:40 Chain Mail Armor
28:25 Padded Archer Armor
29:46 Thumb Ring
30:05 Ballistics
29:56 Masonry
31:42 Hand Cart
31:22 Elite Skirmisher
33:14 Murder Holes
37:43 Imperial Age
35:30 Leather Archer Armor
35:36 Treadmill Crane
36:56 Gold Shaft Mining
36:57 Stone Shaft Mining
39:38 Chemistry
38:47 Town Watch
41:03 Conscription
40:45 Elite Elephant Archer
46:39 Sanctity
48:06 Caravan
49:52 Siege Elephant
50:49 Two-Handed Swordsman
51:31 Bracer
OGBill
2:30 Loom
11:00 Feudal Age
12:10 Double-Bit Axe
19:26 Castle Age
17:53 Gold Mining
19:16 Arson
19:48 Fletching
20:05 Scale Barding Armor
20:01 Padded Archer Armor
20:46 Stone Mining
23:49 Wheelbarrow
23:18 Squires
24:17 Gold Shaft Mining
26:42 Bow Saw
28:27 Husbandry
29:08 Chain Barding Armor
29:00 Forging
28:48 Elite Skirmisher
29:27 Bodkin Arrow
34:48 Hand Cart
34:03 Light Cavalry
40:03 Imperial Age
37:26 Ordonnance Companies
40:35 Leather Archer Armor
40:56 Iron Casting
40:31 Cavalier
40:37 Heavy Mounted Crossbowman
40:38 Cranequins
41:58 Plate Barding Armor
42:37 Conscription
44:34 Ballistics
47:40 Caravan
47:40 Paladin
51:58 Elite Throwing Axeman
butteryassluke
3:35 Loom
10:23 Feudal Age
10:49 Horse Collar
10:58 Double-Bit Axe
19:27 Castle Age
18:06 Wheelbarrow
20:18 Forging
21:03 Squires
22:58 Scale Barding Armor
24:36 Town Watch
25:51 Iron Casting
25:17 Scale Mail Armor
27:00 Chain Mail Armor
30:23 Arson
33:44 Bow Saw
33:46 Gold Mining
33:57 Fletching
36:03 Chain Barding Armor
36:33 Stirrups
37:51 Bodkin Arrow
39:05 Heavy Plow
39:09 Pikeman
jip
0:25 Loom
10:17 Feudal Age
11:24 Double-Bit Axe
11:30 Horse Collar
20:30 Castle Age
21:48 Bow Saw
22:04 Crossbowman
23:23 Thumb Ring
22:40 Crossbowman
26:04 Heavy Plow
26:00 Fletching
26:12 Padded Archer Armor
26:55 Gold Mining
27:10 Bodkin Arrow
28:13 Stone Mining
29:33 Wheelbarrow
32:45 Ballistics
32:14 Pikeman
32:54 Squires
33:14 Elite Skirmisher
36:43 Imperial Age
34:30 Hand Cart
39:53 Halberdier
42:30 Scale Mail Armor
51:06 Heavy Scorpion
54:09 Chemistry
Connection lost

Rejoining the realm…

Still unreachable

The connection could not be restored.

Session expired

The server has moved on; the page needs a fresh start.